Map: Divergence CE

Players

Gorbeks

  • Race: Protoss Protoss
  • Spawn Location: 11:00

peaceDukeNuk

  • Race: Protoss Protoss
  • Spawn Location: 11:00

Nyck - Winner!

  • Race: Terran Terran
  • Spawn Location: 5:00

Ekelpack - Winner!

  • Race: Zerg Zerg
  • Spawn Location: 5:00

VOD

Have the link to the VOD?

Description

Time

  • Played on: Aug. 20, 2024, 3:57 p.m.
  • Length: 11:10
Show
View Real Time Build Order
Export as new Build Order

Gorbeks Protoss 

Build Orders:  

Get SALT Encoding   

  12  0:02  Probe  
  13  0:15  Pylon  
  13  0:18  Probe  
  14  0:30  Probe  
  15  0:36  Gateway  
  15  0:48  Gateway  
  15  0:58  Assimilator  
  15  0:59  Probe  
  17  1:11  Probe (Chrono Boost)  
  17  1:15  Forge  
  17  1:23  Probe (Chrono Boost)  
  18  1:31  Zealot, Probe (Chrono Boost)  
  21  1:36  Zealot  
  23  1:48  Pylon  
  23  1:56  Cybernetics Core  
  23  2:06  Probe (Chrono Boost)  
  24  2:08  Pylon  
  24  2:17  Probe (Chrono Boost)  
  25  2:22  Probe (Chrono Boost)  
  26  2:38  Nexus  
  26  2:51  Pylon  
  26  3:09  Assimilator  
  26  3:10  Twilight Council, Probe (Chrono Boost)  
  28  3:20  Probe (Chrono Boost)  
  28  3:24  Photon Cannon  
  28  3:25  Probe (Chrono Boost)  
  29  3:34  Photon Cannon  
  29  3:36  Probe  
  29  3:40  Pylon  
  30  3:47  Charge (Chrono Boost)  
  30  3:49  Probe  
  30  3:55  Zealot x2  
  35  3:57  Warp Gate  
  35  4:10  Gateway  
  35  4:22  Probe (Chrono Boost)  
  36  4:28  Photon Cannon  
  37  4:32  Probe (Chrono Boost)  
  37  4:37  Probe (Chrono Boost)  
  37  4:40  Zealot x2  
  42  4:48  Probe  
  43  5:07  Zealot x2  
  43  5:10  Shield Battery  
  43  5:12  Probe (Chrono Boost)  
  49  5:21  Probe (Chrono Boost)  
  49  5:26  Probe (Chrono Boost)  
  50  5:36  Stargate  
  50  5:38  Probe  
  50  5:39  Stargate  
  50  5:40  Pylon  
  49  5:50  Probe  
  49  5:55  Zealot x2  
  48  6:07  Zealot  
  48  6:18  Zealot x2  
  43  6:32  Zealot  
  35  6:40  Stalker x2  
  32  7:10  Stalker x3  
  35  7:28  Probe (Chrono Boost)  
  36  7:34  Assimilator  
  45  7:38  Void Ray x2, Probe (Chrono Boost)  
  45  7:43  Assimilator, Probe (Chrono Boost)  
  46  7:55  Stalker  
  46  7:56  Stalker  
  50  8:10  Zealot  
  56  8:21  Gateway, Void Ray  
  56  8:22  Gateway  
  56  8:23  Zealot  
  56  8:24  Zealot  
  60  8:40  Zealot  
  62  8:54  Pylon  
  62  8:55  Pylon  
  62  9:12  Zealot x3  
  62  9:15  Zealot  
  62  9:16  Zealot  
  72  9:27  Probe  
  73  9:35  Zealot x3  
  79  9:47  Zealot x2  
  83  10:05  Forge  
  83  10:06  Zealot  
  85  10:07  Forge  
  85  10:09  Pylon  
  85  10:17  Pylon  
  85  10:20  Pylon  
  85  10:26  Pylon  
  85  10:27  Pylon  
  85  10:28  Pylon  
  85  10:32  Pylon  
  85  10:41  Nexus  
  71  10:43  Pylon  
  71  10:46  Pylon  
  43  10:50  Zealot x5  
Show
View Real Time Build Order
Export as new Build Order

peaceDukeNuk Protoss 

Build Orders:  

Get SALT Encoding   

  12  0:01  Probe (Chrono Boost)  
  13  0:10  Probe (Chrono Boost)  
  14  0:20  Pylon  
  14  0:40  Forge  
  14  0:52  Probe  
  16  1:04  Probe  
  16  1:12  Pylon  
  16  1:16  Probe  
  17  1:20  Photon Cannon  
  17  1:28  Probe (Chrono Boost)  
  18  1:37  Photon Cannon  
  18  1:38  Probe (Chrono Boost)  
  19  1:58  Nexus  
  19  2:04  Pylon  
  19  2:19  Gateway  
  19  2:32  Photon Cannon  
  19  2:33  Probe  
  20  2:45  Probe  
  20  2:50  Pylon  
  21  2:55  Assimilator  
  21  2:58  Probe (Chrono Boost)  
  22  3:10  Probe (Chrono Boost)  
  23  3:12  Cybernetics Core  
  23  3:17  Probe (Chrono Boost)  
  24  3:21  Assimilator  
  25  3:27  Probe (Chrono Boost)  
  25  3:29  Probe (Chrono Boost)  
  26  3:39  Probe (Chrono Boost)  
  26  3:40  Probe (Chrono Boost)  
  28  3:46  Probe (Chrono Boost)  
  30  3:48  Probe (Chrono Boost)  
  31  3:58  Gateway, Probe (Chrono Boost)  
  31  3:59  Probe (Chrono Boost)  
  31  4:00  Assimilator  
  31  4:02  Pylon  
  32  4:03  Probe (Chrono Boost)  
  32  4:07  Probe  
  34  4:14  Probe  
  34  4:16  Stargate  
  35  4:19  Probe (Chrono Boost)  
  38  4:32  Probe x2 (Chrono Boost)  
  38  4:34  Zealot  
  40  4:41  Probe (Chrono Boost)  
  40  4:43  Gateway  
  41  4:46  Photon Cannon  
  41  4:48  Shield Battery  
  41  4:58  Shield Battery  
  41  4:59  Oracle (Chrono Boost)  
  41  5:00  Pylon, Photon Cannon  
  41  5:03  Gateway  
  44  5:10  Zealot x2  
  48  5:19  Stargate  
  48  5:22  Probe (Chrono Boost)  
  49  5:32  Probe (Chrono Boost)  
  50  5:36  Probe (Chrono Boost)  
  50  5:39  Pylon  
  54  5:46  Void Ray  
  48  5:59  Zealot  
  48  6:00  Zealot x2  
  54  6:18  Photon Cannon  
  54  6:20  Photon Cannon  
  54  6:22  Zealot, Shield Battery  
  56  6:26  Zealot  
  56  6:27  Zealot x2  
  66  6:40  Void Ray  
  66  6:49  Zealot  
  66  6:54  Zealot  
  70  6:59  Oracle  
  70  7:07  Pylon  
  70  7:09  Pylon  
  70  7:13  Photon Cannon  
  70  7:14  Shield Battery  
  70  7:25  Zealot x2  
  70  7:26  Assimilator  
  78  7:31  Void Ray  
  78  7:36  Fleet Beacon  
  78  7:45  Twilight Council  
  78  7:54  Nexus  
  78  7:56  Pylon  
  78  7:59  Probe (Chrono Boost), Pylon  
  78  8:03  Assimilator  
  78  8:05  Probe (Chrono Boost)  
  80  8:09  Probe (Chrono Boost)  
  80  8:12  Zealot x2  
  86  8:13  Probe (Chrono Boost)  
  86  8:14  Zealot x2, Probe (Chrono Boost)  
  91  8:23  Probe  
  92  8:31  Protoss Shields Level 1  
  92  8:33  Carrier  
  98  8:35  Probe  
  98  8:39  Sentry  
  101  8:45  Forge  
  101  8:55  Cybernetics Core  
  101  8:57  Charge  
  101  9:20  Probe x2  
  101  9:21  Protoss Air Weapons Level 1 (Chrono Boost), Probe  
  101  9:23  Assimilator  
  104  9:26  Photon Cannon  
  104  9:27  Shield Battery  
  104  9:32  Probe  
  104  9:33  Probe  
  104  9:35  Carrier  
  104  9:37  Sentry  
  114  9:38  Sentry  
  116  9:46  Probe  
  117  9:54  Pylon  
  117  10:11  Pylon  
  117  10:12  Probe  
  117  10:13  Probe x2  
  120  10:18  Tempest  
  120  10:19  Photon Cannon  
  120  10:20  Stargate  
  125  10:31  Probe (Chrono Boost)  
  125  10:32  Pylon  
  125  10:34  Probe x2 (Chrono Boost)  
  118  10:36  Probe (Chrono Boost)  
  118  10:42  Probe x2  
Show
View Real Time Build Order
Export as new Build Order

Nyck Terran - Winner!

Build Orders: Mech 

Get SALT Encoding   

  12  0:00  SCV  
  13  0:12  SCV  
  14  0:17  Supply Depot  
  14  0:25  SCV  
  15  0:39  SCV  
  15  0:42  Barracks  
  16  0:51  SCV  
  17  1:03  SCV  
  18  1:15  SCV  
  19  1:23  Command Center  
  19  1:31  Refinery  
  19  1:32  Orbital Command  
  19  1:36  Marine  
  20  1:43  Bunker  
  20  1:53  Marine  
  21  2:09  SCV  
  22  2:18  Marine  
  23  2:34  SCV  
  25  2:39  Orbital Command  
  24  2:46  SCV  
  24  2:47  Marine  
  26  2:56  Refinery  
  26  2:58  SCV  
  26  3:00  Supply Depot  
  27  3:09  SCV  
  27  3:12  Refinery  
  28  3:14  SCV  
  29  3:21  SCV  
  29  3:26  SCV  
  31  3:33  SCV  
  32  3:38  SCV  
  32  3:40  Factory  
  33  3:42  Factory  
  33  3:47  SCV  
  34  3:50  SCV, Factory  
  34  3:55  Marine  
  36  3:59  SCV  
  38  4:02  SCV  
  38  4:06  Refinery  
  38  4:11  SCV  
  38  4:13  Marine  
  38  4:14  SCV  
  38  4:15  Command Center  
  41  4:26  SCV  
  41  4:27  SCV  
  41  4:29  Factory Tech Lab x2  
  43  4:36  Supply Depot, Armory  
  43  4:38  SCV  
  44  4:44  Factory Tech Lab  
  44  4:47  SCV  
  44  4:50  SCV  
  46  4:58  Siege Tank x2  
  46  4:59  Supply Depot  
  53  5:00  SCV  
  53  5:01  Supply Depot  
  53  5:08  SCV  
  54  5:21  SCV x2  
  56  5:23  Armory  
  56  5:26  Terran Vehicle And Ship Armor Level 1  
  56  5:33  Siege Tank x2  
  62  5:45  SCV x2  
  64  6:08  Siege Tank x3  
  73  6:22  Starport  
  73  6:30  Starport  
  66  6:54  Refinery  
  66  6:59  SCV  
  66  7:00  Starport  
  64  7:05  Orbital Command  
  64  7:07  SCV  
  65  7:11  SCV  
  66  7:17  Starport Reactor  
  66  7:18  Starport Reactor  
  66  7:20  SCV  
  66  7:21  Terran Ship Weapons Level 1  
  66  7:22  Terran Vehicle And Ship Armor Level 2  
  67  7:29  Supply Depot  
  67  7:35  SCV  
  68  7:37  Starport  
  68  7:39  SCV x2  
  70  7:47  SCV  
  70  7:51  SCV x2  
  73  7:59  SCV  
  73  8:00  Refinery  
  73  8:03  SCV x2  
  76  8:06  Starport Reactor  
  76  8:12  SCV  
  77  8:21  Viking x4  
  77  8:24  SCV  
  86  8:27  Starport Reactor  
  86  8:35  SCV  
  86  8:36  SCV  
  86  8:39  Hellion  
  90  8:49  SCV  
  90  8:51  Viking x4  
  99  9:01  SCV  
  100  9:03  Viking x3  
  100  9:04  Viking  
  108  9:13  SCV  
  109  9:20  Viking  
  109  9:21  Viking x3  
  117  9:32  SCV  
  117  9:33  Command Center, Viking  
  120  9:44  SCV  
  121  9:52  Viking x4  
  129  9:54  Viking  
  129  9:59  SCV  
  133  10:00  SCV  
  133  10:02  Refinery  
  133  10:07  SCV  
  133  10:08  Supply Depot  
  133  10:12  SCV  
  133  10:13  Viking x3  
  139  10:31  Supply Depot  
  139  10:40  Viking x3  
  151  10:54  Supply Depot  
  156  11:01  Refinery  
Show
View Real Time Build Order
Export as new Build Order

Ekelpack Zerg - Winner!

Build Orders: Hatch First, Roach Hydra 

Get SALT Encoding   

  12  0:00  Drone  
  13  0:11  Drone  
  14  0:17  Overlord  
  14  0:24  Drone, Extractor  
  14  0:37  Drone x2  
  16  0:45  Drone  
  17  1:00  Hatchery  
  17  1:02  Drone  
  17  1:06  Drone  
  18  1:18  Spawning Pool  
  17  1:25  Drone  
  18  1:30  Drone  
  18  1:31  Extractor  
  19  1:47  Drone  
  19  1:50  Drone  
  20  2:10  Roach Warren  
  20  2:12  Drone x2  
  21  2:16  Drone  
  21  2:18  Queen  
  24  2:31  Drone  
  24  2:34  Drone x2  
  24  2:36  Overlord  
  27  2:44  Extractor  
  27  2:45  Queen  
  28  2:58  Roach  
  28  2:59  Roach x3  
  36  3:08  Overlord  
  36  3:28  Overlord, Roach x4  
  44  3:44  Overlord  
  44  3:48  Roach  
  44  3:49  Roach x3  
  52  3:57  Lair  
  52  4:02  Queen  
  54  4:04  Overlord  
  54  4:19  Overlord  
  54  4:21  Roach x3  
  61  4:38  Drone x3  
  61  4:39  Drone x5  
  68  4:54  Drone x2  
  70  5:02  Drone, Evolution Chamber  
  70  5:15  Hydralisk Den, Drone  
  70  5:16  Queen  
  72  5:29  Glial Reconstitution  
  72  5:32  Drone x3  
  75  5:35  Extractor  
  72  5:57  Hydralisk x2  
  72  6:00  Overlord x2  
  74  6:10  Overlord x2  
  60  6:48  Hydralisk x6  
  70  6:56  Hydralisk  
  70  6:57  Hydralisk x2  
  74  7:13  Hydralisk  
  74  7:14  Hydralisk x3  
  74  7:15  Grooved Spines  
  78  7:19  Zerg Missile Weapons Level 1  
  74  7:30  Drone  
  74  7:33  Drone  
  76  7:37  Hydralisk x2  
  80  7:45  Overlord x2  
  80  7:46  Overlord  
  80  7:54  Infestation Pit  
  79  8:01  Hydralisk x3  
  79  8:02  Hydralisk x3  
  91  8:15  Muscular Augments  
  91  8:29  Roach  
  91  8:30  Roach x6  
  91  8:31  Overlord, Roach  
  107  8:42  Drone  
  108  8:49  Roach x2  
  111  9:10  Hydralisk x4  
  111  9:11  Hydralisk x3  
  111  9:13  Zerg Ground Armor Level 1  
  125  9:28  Hydralisk x3  
  131  9:36  Hydralisk  
  133  9:42  Hive  
  133  9:51  Hatchery, Overlord x3  
  133  9:52  Hydralisk x3  
  136  9:53  Extractor  
  136  9:57  Pneumatized Carapace  
  137  10:03  Hydralisk  
  139  10:24  Hydralisk x4  
  139  10:25  Hydralisk  
Tags
 
Add a new tag
Caveats
  • Supply blocks, unpowered buildings, or Contaminate may cause inaccurate times.
  • Supply counts are checked every 10 seconds.